TOP OF THE 1ST |
Detroit Tigers batting - Pitching for Oakland Athletics : RHP Sean Hill
|
Pitching: RHP Sean Hill
|
|
Batting: RHB Greg Harman
|
0-0: Ball 1-0: Ball 2-0: Foul Ball, location: 2F 2-1: Foul Ball, location: 2F 2-2: Strikes out looking
|
Batting: LHB Morgan Black
|
0-0: Called Strike 0-1: Ball 1-1: Ball 2-1: Foul Ball, location: 2F 2-2: Foul Ball, location: 2F 2-2: Foul Ball, location: 2F 2-2: Foul Ball, location: 2F 2-2: Fly out, F8 (Line Drive, 8RD, EV 96.9 MPH)
|
Batting: RHB Randy Shrewsbury
|
0-0: Ball 1-0: DOUBLE (Line Drive, 9LM, EV 93.8 MPH)
|
Batting: LHB Tyler Davis
|
0-0: Ball 1-0: Ball 2-0: Called Strike 2-1: Foul Ball, location: 2F 2-2: Ball 3-2: Fly out, F8 (Line Drive, 8LM, EV 96.9 MPH)
|
Top of the 1st over - 0 runs, 1 hit, 0 errors, 1 left on base; Detroit 0 - Oakland 0 |
BOTTOM OF THE 1ST |
Oakland Athletics batting - Pitching for Detroit Tigers : RHP Constantino Chamisso
|
Pitching: RHP Constantino Chamisso
|
|
Batting: RHB Muneo Kawachi
|
0-0: SOLO HOME RUN (Line Drive, 7D, EV 100.0 MPH), Distance : 390 ft
|
Batting: SHB Ryan Langlois
|
0-0: Swinging Strike 0-1: Ball 1-1: Ball 2-1: Ground out 5-3 (Groundball, 56, EV 80.0 MPH)
|
Batting: LHB Nate Dean
|
0-0: Ball 1-0: Swinging Strike 1-1: Called Strike 1-2: Strikes out swinging
|
Batting: LHB Sakae Kasahara
|
0-0: Ball 1-0: Ground out 4-3 (Groundball, 4, EV 81.9 MPH)
|
Bottom of the 1st over - 1 run, 1 hit, 0 errors, 0 left on base; Detroit 0 - Oakland 1 |
TOP OF THE 2ND |
Detroit Tigers batting - Pitching for Oakland Athletics : RHP Sean Hill
|
Batting: RHB Ryan Neal
|
0-0: Foul Ball, location: 2F 0-1: Called Strike 0-2: Ball 1-2: Strikes out swinging
|
Batting: RHB Victor Quinones
|
0-0: Ball 1-0: Foul Ball, location: 2F 1-1: Ball 2-1: Called Strike 2-2: Foul Ball, location: 2F 2-2: Foul Ball, location: 2F 2-2: Strikes out swinging
|
Batting: RHB Luke Feeney
|
0-0: Ground out 4-3 (Groundball, 4, EV 107.5 MPH)
|
Top of the 2nd over - 0 runs, 0 hits, 0 errors, 0 left on base; Detroit 0 - Oakland 1 |
BOTTOM OF THE 2ND |
Oakland Athletics batting - Pitching for Detroit Tigers : RHP Constantino Chamisso
|
Batting: LHB George Leary
|
0-0: Called Strike 0-1: Foul Ball, location: 2F 0-2: Strikes out swinging
|
Batting: SHB Bob Morales
|
0-0: Swinging Strike 0-1: Ball 1-1: Foul Ball, location: 2F 1-2: Foul Ball, location: 2F 1-2: Strikes out swinging
|
Batting: RHB Danny Murillo
|
0-0: Swinging Strike 0-1: Ball 1-1: Called Strike 1-2: Strikes out looking
|
Bottom of the 2nd over - 0 runs, 0 hits, 0 errors, 0 left on base; Detroit 0 - Oakland 1 |
TOP OF THE 3RD |
Detroit Tigers batting - Pitching for Oakland Athletics : RHP Sean Hill
|
Batting: LHB Emmanuel Gaskin
|
0-0: Called Strike 0-1: Called Strike 0-2: Strikes out swinging
|
Batting: RHB Adrian Novakovic
|
0-0: Ground out 1-3 (Groundball, 15S, EV 74.4 MPH)
|
Batting: RHB Greg Harman
|
0-0: Called Strike 0-1: Ball 1-1: SINGLE (Groundball, 56D, EV 110.0 MPH)
|
Batting: LHB Morgan Black
|
0-0: Ball Greg Harman steals 2nd base 1-0: Fly out, F9 (Flyball, 9S, EV 78.1 MPH)
|
Top of the 3rd over - 0 runs, 1 hit, 0 errors, 1 left on base; Detroit 0 - Oakland 1 |
BOTTOM OF THE 3RD |
Oakland Athletics batting - Pitching for Detroit Tigers : RHP Constantino Chamisso
|
Batting: RHB Justin McQuarter
|
0-0: Called Strike 0-1: Ground out 5-3 (Groundball, 56, EV 83.1 MPH)
|
Batting: SHB Todd Hewitt
|
0-0: Fly out, F8 (Flyball, 89M, EV 84.4 MPH)
|
Batting: RHB Muneo Kawachi
|
0-0: Foul Ball, location: 2F 0-1: Called Strike 0-2: Ball 1-2: Ball 2-2: Ball 3-2: Foul Ball, location: 2F 3-2: Ground out 6-3 (Groundball, 6, EV 80.0 MPH)
|
Bottom of the 3rd over - 0 runs, 0 hits, 0 errors, 0 left on base; Detroit 0 - Oakland 1 |
TOP OF THE 4TH |
Detroit Tigers batting - Pitching for Oakland Athletics : RHP Sean Hill
|
Batting: RHB Randy Shrewsbury
|
0-0: Called Strike 0-1: Ball 1-1: Ball 2-1: Fly out, F8 (Flyball, 8LD, EV 89.4 MPH)
|
Batting: LHB Tyler Davis
|
0-0: Ball 1-0: Ball 2-0: Foul Ball, location: 2F 2-1: Ball 3-1: Base on Balls
|
Batting: RHB Ryan Neal
|
0-0: Ball 1-0: Fly out, F8 (Flyball, 8LD, EV 80.0 MPH)
|
Batting: RHB Victor Quinones
|
0-0: Called Strike 0-1: Ground out 6-3 (Groundball, 56D, EV 98.1 MPH)
|
Top of the 4th over - 0 runs, 0 hits, 0 errors, 1 left on base; Detroit 0 - Oakland 1 |
BOTTOM OF THE 4TH |
Oakland Athletics batting - Pitching for Detroit Tigers : RHP Constantino Chamisso
|
Batting: SHB Ryan Langlois
|
0-0: Foul Ball, location: 2F 0-1: Swinging Strike 0-2: Fly out, F3 (Line Drive, 3, EV 74.4 MPH)
|
Batting: LHB Nate Dean
|
0-0: Ball 1-0: Ball 2-0: Swinging Strike 2-1: Ground out U3 (Groundball, 3, EV 90.0 MPH)
|
Batting: LHB Sakae Kasahara
|
0-0: Ball 1-0: SINGLE (Groundball, 5D, EV 94.4 MPH)
|
Batting: LHB George Leary
|
0-0: Ball 1-0: Ball 2-0: Swinging Strike 2-1: SINGLE (Flyball, 89S, EV 91.9 MPH) Sakae Kasahara to second
|
Batting: SHB Bob Morales
|
0-0: Ball 1-0: Foul Ball, location: 2F 1-1: 3-RUN HOME RUN (Flyball, 9LD, EV 92.5 MPH), Distance : 338 ft
|
Batting: RHB Danny Murillo
|
0-0: TRIPLE (Flyball, 9LD, EV 95.6 MPH)
|
Batting: RHB Justin McQuarter
|
0-0: Fly out, F3 (Popup, 3F, EV 60.6 MPH)
|
Bottom of the 4th over - 3 runs, 4 hits, 0 errors, 1 left on base; Detroit 0 - Oakland 4 |
TOP OF THE 5TH |
Detroit Tigers batting - Pitching for Oakland Athletics : RHP Sean Hill
|
Batting: RHB Luke Feeney
|
0-0: SINGLE (Line Drive, 7LS, EV 106.9 MPH)
|
Batting: LHB Emmanuel Gaskin
|
0-0: Called Strike 0-1: Swinging Strike 0-2: Strikes out looking
|
Batting: RHB Adrian Novakovic
|
0-0: Ball 1-0: Swinging Strike 1-1: Fly out, F9 (Flyball, 9, EV 90.6 MPH)
|
Batting: RHB Greg Harman
|
0-0: Ball 1-0: Ball 2-0: Ball 3-0: Base on Balls Luke Feeney to second
|
Batting: LHB Morgan Black
|
0-0: Called Strike 0-1: Ball 1-1: Swinging Strike 1-2: Ball 2-2: Strikes out swinging
|
Top of the 5th over - 0 runs, 1 hit, 0 errors, 2 left on base; Detroit 0 - Oakland 4 |
BOTTOM OF THE 5TH |
Oakland Athletics batting - Pitching for Detroit Tigers : RHP Constantino Chamisso
|
Batting: SHB Todd Hewitt
|
0-0: Called Strike 0-1: Called Strike 0-2: Foul Ball, location: 2F 0-2: Ball 1-2: Strikes out swinging
|
Batting: RHB Muneo Kawachi
|
0-0: Ball 1-0: Fly out, F8 (Line Drive, 8LM, EV 88.8 MPH)
|
Batting: SHB Ryan Langlois
|
0-0: Ball 1-0: Foul Ball, location: 2F 1-1: Ground out 6-3 (Groundball, 6M, EV 88.1 MPH)
|
Bottom of the 5th over - 0 runs, 0 hits, 0 errors, 0 left on base; Detroit 0 - Oakland 4 |
TOP OF THE 6TH |
Detroit Tigers batting - Pitching for Oakland Athletics : RHP Sean Hill
|
Batting: RHB Randy Shrewsbury
|
0-0: Ball 1-0: Ball 2-0: Ball 3-0: Fly out, F9 (Flyball, 89S, EV 88.8 MPH)
|
Batting: LHB Tyler Davis
|
0-0: Ball 1-0: Called Strike 1-1: Ball 2-1: Foul Ball, location: 2F 2-2: Strikes out looking
|
Batting: RHB Ryan Neal
|
0-0: Called Strike 0-1: Foul Ball, location: 2F 0-2: Ball 1-2: Strikes out looking
|
Top of the 6th over - 0 runs, 0 hits, 0 errors, 0 left on base; Detroit 0 - Oakland 4 |
BOTTOM OF THE 6TH |
Oakland Athletics batting - Pitching for Detroit Tigers : RHP Constantino Chamisso
|
Batting: LHB Nate Dean
|
0-0: Called Strike 0-1: SINGLE (Groundball, P, EV 85.6 MPH) (infield hit)
|
Batting: LHB Sakae Kasahara
|
0-0: Ball 1-0: Called Strike 1-1: Called Strike 1-2: Fly out, F7 (Flyball, 7, EV 78.8 MPH)
|
Batting: LHB George Leary
|
0-0: Called Strike 0-1: Ball 1-1: Ball 2-1: Foul Ball, location: 2F 2-2: Foul Ball, location: 2F 2-2: Ball 3-2: Base on Balls Nate Dean to second
|
Batting: SHB Bob Morales
|
0-0: Called Strike 0-1: Ball 1-1: SINGLE (Flyball, 56D, EV 75.6 MPH) Nate Dean to third George Leary to second
|
Batting: RHB Danny Murillo
|
0-0: Ball 1-0: Ball 2-0: Called Strike 2-1: Foul Ball, location: 2F 2-2: Foul Ball, location: 2F 2-2: Ground out 5-3 (Groundball, 56S, EV 68.1 MPH) Nate Dean scores George Leary to third Bob Morales to second
|
Pitching: RHP Steve McGaughey
|
|
Batting: RHB Justin McQuarter
|
0-0: Reached on error, E7 (Flyball, 7D, EV 103.8 MPH) George Leary scores Bob Morales scores
|
Batting: SHB Todd Hewitt
|
0-0: Called Strike 0-1: Ball 1-1: SINGLE (Line Drive, 6M, EV 106.9 MPH) Justin McQuarter to third Runner from 3rd tries for Home, SAFE, throw by CF to home
|
Batting: RHB Muneo Kawachi
|
0-0: Reached on error, E6 (Groundball, 6, EV 87.5 MPH) Todd Hewitt to second
|
Batting: SHB Ryan Langlois
|
0-0: Ball 1-0: Swinging Strike 1-1: Ball 2-1: Swinging Strike 2-2: Strikes out swinging
|
Bottom of the 6th over - 4 runs, 3 hits, 2 errors, 2 left on base; Detroit 0 - Oakland 8 |
TOP OF THE 7TH |
Detroit Tigers batting - Pitching for Oakland Athletics : RHP Sean Hill
|
Batting: RHB Victor Quinones
|
0-0: Called Strike 0-1: Fly out, F7 (Flyball, 7LM, EV 90.0 MPH)
|
Batting: RHB Luke Feeney
|
0-0: Swinging Strike 0-1: Ball 1-1: Ball 2-1: Called Strike 2-2: Ball 3-2: SINGLE (Groundball, 34S, EV 65.0 MPH) (infield hit)
|
Batting: LHB Emmanuel Gaskin
|
0-0: Ball 1-0: Swinging Strike 1-1: Ball 2-1: Ball 3-1: 2-RUN HOME RUN (Flyball, 89XD, EV 111.3 MPH), Distance : 410 ft
|
Batting: RHB Adrian Novakovic
|
0-0: Ball 1-0: Ball 2-0: Called Strike 2-1: Ball 3-1: Fly out, F7 (Flyball, 7D, EV 92.5 MPH)
|
Batting: RHB Greg Harman
|
0-0: Foul Ball, location: 2F 0-1: Ball 1-1: Foul Ball, location: 2F 1-2: Ball 2-2: Ball 3-2: Fly out, F8 (Flyball, 8LM, EV 91.3 MPH)
|
Top of the 7th over - 2 runs, 2 hits, 0 errors, 0 left on base; Detroit 2 - Oakland 8 |
BOTTOM OF THE 7TH |
Oakland Athletics batting - Pitching for Detroit Tigers : RHP Steve McGaughey
|
Batting: LHB Nate Dean
|
0-0: Ball 1-0: Ground out 6-3 (Groundball, 4M, EV 81.9 MPH)
|
Batting: LHB Sakae Kasahara
|
0-0: Ball 1-0: Foul Ball, location: 2F 1-1: SOLO HOME RUN (Flyball, 78XD, EV 98.8 MPH), Distance : 412 ft
|
Batting: LHB George Leary
|
0-0: Ball 1-0: Called Strike 1-1: Ball 2-1: Called Strike 2-2: Fly out, F8 (Flyball, 8LXD, EV 94.4 MPH)
|
Batting: SHB Bob Morales
|
0-0: Swinging Strike 0-1: Ball 1-1: Ball 2-1: Foul Ball, location: 2F 2-2: Ball 3-2: SINGLE (Groundball, 56S, EV 76.3 MPH) (infield hit)
|
Batting: RHB Danny Murillo
|
0-0: Fly out, F9 (Flyball, 89D, EV 88.8 MPH)
|
Bottom of the 7th over - 1 run, 2 hits, 0 errors, 1 left on base; Detroit 2 - Oakland 9 |
TOP OF THE 8TH |
Detroit Tigers batting - Pitching for Oakland Athletics : RHP Sean Hill
|
Pitching: LHP Jamie Tanner
|
|
Batting: LHB Morgan Black
|
0-0: Ball 1-0: DOUBLE (Groundball, 3L, EV 94.4 MPH)
|
Batting: RHB Randy Shrewsbury
|
0-0: Foul Ball, location: 2F 0-1: Called Strike 0-2: Ball 1-2: Fly out, F8 (Flyball, 8RS, EV 89.4 MPH)
|
Batting: LHB Tyler Davis
|
0-0: Ball 1-0: Ball 2-0: Ground out 5-3 (Groundball, 5L, EV 87.5 MPH)
|
Batting: RHB Ryan Neal
|
0-0: Ball 1-0: Ball 2-0: Foul Ball, location: 2F 2-1: SINGLE (Line Drive, 9S, EV 107.5 MPH) Morgan Black to third Runner from 3rd tries for Home, SAFE, throw by RF to home
|
Batting: RHB Victor Quinones
|
0-0: Ball 1-0: Ground out 4-3 (Groundball, 4, EV 86.9 MPH)
|
Top of the 8th over - 1 run, 2 hits, 0 errors, 1 left on base; Detroit 3 - Oakland 9 |
BOTTOM OF THE 8TH |
Oakland Athletics batting - Pitching for Detroit Tigers : RHP Steve McGaughey
|
Batting: RHB Justin McQuarter
|
0-0: Swinging Strike 0-1: Ball 1-1: Swinging Strike 1-2: Ball 2-2: Strikes out swinging
|
Batting: SHB Todd Hewitt
|
0-0: Called Strike 0-1: DOUBLE (Line Drive, 78D, EV 106.9 MPH)
|
Batting: RHB Muneo Kawachi
|
0-0: Ground out 4-3 (Groundball, 4, EV 86.3 MPH) Todd Hewitt to third
|
Batting: SHB Ryan Langlois
|
0-0: Ball 1-0: Fly out, F7 (Flyball, 7, EV 81.9 MPH)
|
Bottom of the 8th over - 0 runs, 1 hit, 0 errors, 1 left on base; Detroit 3 - Oakland 9 |
TOP OF THE 9TH |
Detroit Tigers batting - Pitching for Oakland Athletics : LHP Jamie Tanner
|
Batting: RHB Luke Feeney
|
0-0: Called Strike 0-1: TRIPLE (Line Drive, 89XD, EV 108.1 MPH)
|
Batting: LHB Emmanuel Gaskin
|
0-0: Foul Ball, location: 2F 0-1: Foul Ball, location: 2F 0-2: Ball 1-2: SINGLE (Groundball, 6MD, EV 95.0 MPH) Luke Feeney scores
|
Batting: RHB Adrian Novakovic
|
0-0: Ball 1-0: Ball 2-0: Swinging Strike 2-1: Ball 3-1: Foul Ball, location: 2F 3-2: Fly out, F8 (Flyball, 78XD, EV 85.0 MPH)
|
Batting: RHB Greg Harman
|
0-0: Called Strike 0-1: Fly out, F9 (Flyball, 9LD, EV 88.8 MPH)
|
Batting: LHB Morgan Black
|
0-0: Fly out, F3 (Line Drive, 3, EV 65.0 MPH)
|
Top of the 9th over - 1 run, 2 hits, 0 errors, 1 left on base; Detroit 4 - Oakland 9 |
|